 Dungeon Crawl Stone Soup version 0.30-a0-1074-g5db6f66fbb (webtiles) character file.

Game seed: 15524240011233732830

76 jimonade the Trooper (level 4, -1/48 HPs)
             Began as an Ogre Warper on Apr 14, 2023.
             Slain by a gnoll
             ... wielding a +0 whip
              (4 damage)
             ... on level 3 of the Dungeon.
             The game lasted 00:04:08 (2309 turns).

jimonade the Trooper (Ogre Warper)                  Turns: 2309, Time: 00:04:08

Health: -1/48      AC:  3    Str: 17    XL:     4   Next: 32%
Magic:  8/8        EV: 10    Int: 14    God:
Gold:   130        SH:  0    Dex:  8    Spells: 8/8 levels left

rFire   . . .      SeeInvis .    a - +0 dagger (elec)
rCold   . . .      Faith    .    (no shield)
rNeg    . . .      Spirit   .    n - +0 robe
rPois   .          Reflect  .    (helmet restricted)
rElec   .          Rampage  .    (no cloak)
rCorr   .                        (gloves unavailable)
Will    .....                    (boots unavailable)
Stlth   +                        (no amulet)
HPRegen 0.28/turn                (no ring)
MPRegen 0.11/turn                (no ring)

@: no status effects
A: large, unfitting armour, tough skin 1
a: no special abilities


You were on level 3 of the Dungeon.
You visited 1 branch of the dungeon, and saw 3 of its levels.

You collected 130 gold pieces.

Inventory:

Hand Weapons
 a - a +0 dagger of electrocution (weapon)
 b - a +2 dagger of draining
 f - a +0 mace
 h - a +0 whip
 p - a +0 sling
 t - a +0 flail
Missiles
 d - 5 boomerangs of dispersal (quivered)
 s - 21 stones
Armour
 n - a +0 robe (worn)
Scrolls
 c - a scroll of blinking
 e - a scroll of butterflies {unknown}
 g - a scroll of immolation {unknown}
 l - a scroll of amnesia {unknown}
 m - a scroll of vulnerability {unknown}
 o - a scroll of acquirement {unknown}
Potions
 i - 2 potions of heal wounds {unknown}
 k - 2 potions of curing {unknown}
 q - 2 potions of brilliance {unknown}


   Skills:
 + Level 3.8 Fighting
 + Level 0.8 Short Blades
 + Level 1.9 Maces & Flails
 + Level 1.0 Throwing
 + Level 2.5 Dodging
 + Level 2.7 Spellcasting
 * Level 0.4 Summonings
 * Level 3.2 Translocations


You had 8 spell levels left.
You didn't know any spells.
Your spell library contained the following spells:

 Spells                   Type           Power      Damage    Failure   Level
 Apportation              Tloc           22%        N/A       6%          1
 Blink                    Tloc           22%        N/A       9%          2
 Lesser Beckoning         Tloc           22%        N/A       9%          2
 Teleport Other           Tloc           11%        N/A       17%         3
 Summon Small Mammal      Summ           12%        N/A       19%         1
 Beastly Appendage        Tmut           2%         N/A       22%         1
 Wereblood                Tmut           1%         N/A       32%         2
 Vhi's Electric Charge    Tloc/Air       12%        N/A       34%         3
 Call Canine Familiar     Summ           3%         N/A       50%         3
 Manifold Assault         Tloc           11%        N/A       50%         4
 Summon Guardian Golem    Hex/Summ       2%         N/A       52%         3
 Spider Form              Tmut/Pois      1%         N/A       54%         3
 Alistair's Intoxication  Tmut/Pois      0%         N/A       99%         5


Dungeon Overview and Level Annotations

Branches:
Dungeon (3/15)

Altars:

Shops:
D:1 (

Annotations:
D:3 Natasha, Robin


Innate Abilities, Weirdness & Mutations

You are too large for most types of armour.
You have tough skin. (AC +1)


Message History

Throw: 3 darts (curare)
Press: ? - help, Q - select action, (/) - cycle Shift-Dir - straight line, f - gnoll, p - gnoll
Aim: a gnoll, wielding a +0 whip (58% to hit)
You throw a curare-tipped dart. The curare-tipped dart hits the gnoll.
The gnoll looks even sicker.
The gnoll convulses.
You kill the gnoll!
You have reached level 4!
Throw: 2 darts (curare)
Press: ? - help, Q - select action, (/) - cycle Shift-Dir - straight line, f/p - gnoll
Aim: a gnoll, wielding a +0 whip (58% to hit)
You throw a curare-tipped dart. The curare-tipped dart hits the gnoll.
The gnoll is poisoned.
The gnoll convulses.
The gnoll seems to slow down.
The gnoll is heavily wounded.
The gnoll hits you with a +0 hand axe.
* * * LOW HITPOINT WARNING * * *
You hit the gnoll.
The gnoll is severely wounded.
You hit the gnoll but do no damage.
The gnoll is severely wounded.
The gnoll hits you with a +0 hand axe.
* * * LOW HITPOINT WARNING * * *
You hit the gnoll.
You kill the gnoll!
Throw: dart (curare)
Press: ? - help, Q - select action, (/) - cycle Shift-Dir - straight line, f/p - gnoll
Aim: a gnoll, wielding a +0 whip (58% to hit)
You throw a curare-tipped dart.
The curare-tipped dart closely misses the gnoll.
The gnoll barely misses you.
You closely miss the gnoll. The gnoll barely misses you.
You hit the gnoll.
The gnoll is lightly wounded.
The gnoll hits you with a +0 whip!
* * * LOW HITPOINT WARNING * * *
You hit the gnoll but do no damage.
The gnoll is lightly wounded.
The gnoll hits you with a +0 whip.
You die...

#..# #g.###### #........
########## #.# #........#
#.######## #.######.#
#........# #.# #.#
##..#####.### #.#
####.######(..###......
#.###.....@g(((....##.#.###
#.#......#####.........#.##
#.#.#.#..# ###..###.###.#
#.#...#..# #..##.## ##.
#........# #...[## ##
###.....## ##'###.## ##.
##.#### ##...###.###.#
#.### ##.........#...
#.#.## ##.......###.##.


You could see a gnoll.

Vanquished Creatures
  2 gnolls (D:3)
  An adder (D:2)
  A dart slug (D:1)
  An orc (D:3)
  4 ball pythons
  An endoplasm (D:1)
  A giant cockroach (D:2)
  10 goblins
  4 hobgoblins
  4 jackals (D:2)
  A bat (D:2)
  3 frilled lizards
  7 kobolds
  6 rats
46 creatures vanquished.

Notes
Turn   | Place    | Note
-------+----------+-------------------------------------------
     0 | D:1      | jimonade the Ogre Warper began the quest for the Orb.
     0 | D:1      | Reached XP level 1. HP: 22/22 MP: 3/3
   136 | D:1      | Reached XP level 2. HP: 9/31 MP: 3/5
   253 | D:1      | Found Gatezot's Antique Weapon Shop.
   955 | D:2      | Reached XP level 3. HP: 27/35 MP: 6/6
  1064 | D:2      | Found a faded altar of an unknown god.
  1848 | D:3      | Noticed Natasha
  1848 | D:3      | Noticed Robin
  2302 | D:3      | Reached XP level 4. HP: 16/48 MP: 8/8
  2309 | D:3      | Slain by a gnoll

Illustrated notes

Levels and vault maps discovered:
D:1:      ebering_trefoil_3fold, layout_basic, serial_shops, shop,
          chequers_serial_rivers_room_a
D:2:      layout_loops_ring, hellmonk_ecumenical_altar_pennies_from_heaven,
          minmay_goblin_outpost
D:3:      layout_loops_corners, nicolae_sif_muna_little_library, uniq_natasha,
          uniq_robin, uniq_crazy_yiuf_cottage, uniq_terence

Skill      XL: |  1  2 |
---------------+-------+-----
Fighting       | 3 |  3.8
Translocations | 3 |  3.2
Short Blades   | |  0.8
Maces & Flails | |  1.9
Throwing       | |  1.0
Dodging        | |  2.5
Spellcasting   | |  2.7
Summonings     | |  0.4

Action                     |  1- 3 |  4- 6 || total
---------------------------+-------+-------++-------
  Melee: Dagger            |   173 |     6 ||   179
         Mace              |     2 |       ||     2
  Throw: Dart              |     6 |     2 ||     8
         Boomerang         |     2 |       ||     2
 Armour: Robe              |    45 |       ||    45
  Dodge: Dodged            |    87 |     2 ||    89

Table legend: (Time is in decaauts)
 A = Elapsed time spent in this place.
 B = Non-inter-level travel time spent in this place.
 C = Inter-level travel time spent in this place.
 D = Time resting spent in this place.
 E = Time spent auto-exploring this place.
 F = Levels seen in this place.
 G = Mean time per level.
                   A        B        C        D        E       F      G
               +--------+--------+--------+--------+--------+-----+--------+
         Total |   2306 |   2128 |    178 |    158 |   1548 |   3 |  768.7 |
       Dungeon |   2306 |   2128 |    178 |    158 |   1548 |   3 |  768.7 |
               +--------+--------+--------+--------+--------+-----+--------+

Top non-repeatable levels by time:
     D:2: 1264 daAuts
     D:1: 809 daAuts
     D:3: 233 daAuts
